 Dungeon Crawl Stone Soup version 0.30-a0-1160-g6e42c06551 (webtiles) character file.

Game seed: 16550254243978965144

78 funkygono the Trooper (level 4, -1/41 HPs)
             Began as a Minotaur Fighter on Apr 25, 2023.
             Slain by a goblin
             ... wielding a +0 dagger
             ... led by Robin
              (3 damage)
             ... on level 3 of the Dungeon on Apr 26, 2023.
             The game lasted 00:02:32 (1662 turns).

funkygono the Trooper (Minotaur Fighter)            Turns: 1662, Time: 00:02:33

Health: -1/41      AC:  9    Str: 23    XL:     4   Next: 15%
Magic:  3/3        EV:  8    Int:  5    God:
Gold:   75         SH:  4    Dex:  9    Spells: 3/3 levels left

rFire   + . .        a - +0 war axe
rCold   x . .        c - +0 buckler
rNeg    . . .        p - +0 chain mail
rPois   .            (helmet restricted)
rElec   .            (no cloak)
rCorr   .            (no gloves)
SInv    .            (no boots)
Will    .....        (no amulet) Stlth
                     m - ring of fire
HPRegen 0.26/turn    (no ring)
MPRegen 0.08/turn

%: no passive effects
@: lethally poisoned (-1 -> -2)
A: horns 2, retaliatory headbutt
a: no special abilities


You were on level 3 of the Dungeon.
You visited 1 branch of the dungeon, and saw 3 of its levels.

You collected 75 gold pieces.

Inventory:

Hand Weapons
 a - a +0 war axe (weapon)
Missiles
 r - 6 boomerangs (quivered)
Armour
 c - a +0 buckler (worn)
 p - a +0 chain mail (worn)
Jewellery
 m - a ring of fire (left hand)
Scrolls
 g - 2 scrolls of teleportation {unknown}
 j - a scroll of fear {unknown}
 n - a scroll of magic mapping {unknown}
 q - a scroll of identify {unknown}
Potions
 b - a potion of invisibility {unknown}
 d - a potion of might
 e - a potion of ambrosia {unknown}
 f - 2 potions of lignification {unknown}
 h - a potion of attraction {unknown}
 i - a potion of berserk rage {unknown}
 k - a potion of heal wounds {unknown}
 l - a potion of cancellation {unknown}
 o - 2 potions of curing {unknown}


   Skills:
 + Level 4.4 Fighting
 + Level 3.5 Axes
 + Level 4.2 Armour
 + Level 0.3 Dodging
 + Level 4.1 Shields


You had 3 spell levels left.
You didn't know any spells.
Your spell library contained the following spells:

 Spells                   Type           Power      Damage    Failure   Level
 Beastly Appendage        Tmut           0%         N/A       98%         1
 Wereblood                Tmut           0%         N/A       99%         2
 Spider Form              Tmut/Pois      0%         N/A       100%        3


Dungeon Overview and Level Annotations

Branches:
Dungeon (3/15)

Altars:
Dithmenos
Ru


Innate Abilities, Weirdness & Mutations

You have a pair of horns on your head.
You reflexively headbutt those who attack you in melee.


Message History

The puff of flame hits you. You resist. The goblin hits you but does no damage.
You are more poisoned.
You feel very sick. Robin throws the goblin at you!
Items here: )) †††.
You completely miss Robin. You slash the goblin!
You kill the goblin!
You feel very sick.
Robin zaps a wand.
The puff of flame hits you. You resist.
Robin roars a battlecry!
The goblins go into a battle-frenzy!
The goblin barely misses you.
You hear a shout!
The goblin shouts!
You slash the goblin!
You kill the goblin!
You completely miss Robin.
You feel very sick. Robin hits you with a +0 club.
* * * LOW HITPOINT WARNING * * *
You closely miss Robin. You headbutt Robin, but do no damage.
You feel sick. Robin hits you with a +0 club.
* * * LOW HITPOINT WARNING * * *
A hobgoblin comes into view.
Robin hits you but does no damage.
You slash Robin!
Robin is severely wounded.
* * * LOW HITPOINT WARNING * * *
You feel sick. Robin barely misses you.
You hit Robin. You headbutt Robin.
You kill Robin!
You barely miss the hobgoblin.
* * * LOW HITPOINT WARNING * * *
You feel sick.
You have reached level 4!
You feel stronger.
You slash the hobgoblin!
You kill the hobgoblin!
You closely miss the goblin.
You feel sick. The goblin hits you but does no damage.
The goblin hits you with a +0 dagger.
You die... . gg..

.g gg.# #### .g.
... ... .. .. ..
#.#. .# #...#.#
##..###..#
#)g.......
#@###.#### #)# #
#)# #.# #.# ## .
#.###.####..
...##......$...#
..............##
##+####..######


You could see a goblin (strong).

Vanquished Creatures
  Robin (D:3)
  2 adders (D:2)
  A dart slug (D:2)
  2 endoplasms
  A giant cockroach (D:1)
  5 hobgoblins
  3 jackals (D:1)
  5 kobolds
  3 quokkas
  2 ball pythons
  6 bats
  2 frilled lizards (D:2)
  7 goblins
  7 rats
47 creatures vanquished.

Notes
Turn   | Place    | Note
-------+----------+-------------------------------------------
     0 | D:1      | funkygono the Minotaur Fighter began the quest for the Orb.
     0 | D:1      | Reached XP level 1. HP: 19/19 MP: 0/0
   223 | D:1      | Reached XP level 2. HP: 27/27 MP: 1/1
   910 | D:2      | Found a sacrificial altar of Ru.
   920 | D:2      | Reached XP level 3. HP: 34/34 MP: 2/2
  1487 | D:3      | Found a shadowy altar of Dithmenos.
  1640 | D:3      | Noticed Robin
  1661 | D:3      | Killed Robin
  1662 | D:3      | Reached XP level 4. HP: 3/41 MP: 3/3
  1662 | D:3      | HP: 2/41 [poisoned by a goblin]
  1662 | D:3      | Slain by a goblin

Illustrated notes

Levels and vault maps discovered:
D:1:      minmay_arrival_four_houses, layout_basic,
          chequers_serial_rivers_small_3
D:2:      layout_rooms, basic_altar, minmay_crystal_room, grunt_decor_clamped
D:3:      layout_basic, nicolae_dithmenos_shadow_blocks, gup_sewer_entry_bowl,
          uniq_robin

Skill      XL: |  1  2  3 |
---------------+----------+-----
Fighting       | 4 |  4.4
Axes           | 3 |  3.5
Armour         | 4 |  4.2
Shields        | 4 |  4.1
Dodging        | |  0.3

Action                     |  1- 3 |  4- 6 || total
---------------------------+-------+-------++-------
  Melee: War axe           |    85 |     1 ||    86
         Headbutt          |    14 |       ||    14
 Armour: Scale mail        |    34 |       ||    34
         Chain mail        |    15 |     1 ||    16
  Dodge: Dodged            |    46 |       ||    46
  Block: Buckler           |    19 |       ||    19

Table legend: (Time is in decaauts)
 A = Elapsed time spent in this place.
 B = Non-inter-level travel time spent in this place.
 C = Inter-level travel time spent in this place.
 D = Time resting spent in this place.
 E = Time spent auto-exploring this place.
 F = Levels seen in this place.
 G = Mean time per level.
                   A        B        C        D        E       F      G
               +--------+--------+--------+--------+--------+-----+--------+
         Total |   1700 |   1659 |     41 |    140 |   1040 |   3 |  566.7 |
       Dungeon |   1700 |   1659 |     41 |    140 |   1040 |   3 |  566.7 |
               +--------+--------+--------+--------+--------+-----+--------+

Top non-repeatable levels by time:
     D:1: 845 daAuts
     D:2: 507 daAuts
     D:3: 348 daAuts
